 Dungeon Crawl Stone Soup version 0.25.1-2-g60ff931df9 (webtiles) character file.

Game seed: 11368856951327449116

7516 halkony2012 the Basher (level 10, -3/93 HPs)
             Began as a Minotaur Berserker on Oct 2, 2020.
             Was a High Priest of Trog.
             Hit by a large rock thrown by a cyclops (32 damage)
             ... on level 2 of the Orcish Mines.
             The game lasted 00:59:06 (11114 turns).

halkony2012 the Basher (Minotaur Berserker)        Turns: 11114, Time: 00:59:06

Health: -3/93      AC: 19    Str: 24    XL:     10   Next: 95%
Magic:  9/9        EV: 27    Int:  4    God:    Trog [*****.]
Gold:   1096       SH:  0    Dex: 11    Spells: 9/9 levels left

rFire    + . .     SeeInvis .   a - +3 glaive (venom)
rCold    . . .     Gourm    .   (shield currently unavailable)
rNeg     . . .     Faith    .   h - +3 chain mail
rPois    +         Spirit   .   (helmet restricted)
rElec    .         Reflect  .   u - +0 cloak
rCorr    .         Harm     .   K - +0 pair of gloves
MR       .....                  w - +0 pair of boots
Stlth    ..........             v - amulet of the acrobat
HPRegen  0.25/turn              f - ring of poison resistance
MPRegen  0.11/turn              r - ring of protection from fire

@: berserk cooldown, acrobat
A: retaliatory headbutt, horns 2
a: Berserk, Trog's Hand, Brothers in Arms, Renounce Religion


You were on level 2 of the Orcish Mines.
You worshipped Trog.
Trog was extremely pleased with you.
You were near starving.

You visited 2 branches of the dungeon, and saw 11 of its levels.

You collected 1096 gold pieces.

Inventory:

Hand Weapons
 a - a +3 glaive of venom (weapon)
 L - a +2 vorpal flail
 N - a +0 morningstar of protection
 Q - a +2 great mace of draining
Missiles
 j - 255 stones (quivered)
Armour
 b - a +0 animal skin
 d - a +0 leather armour
 h - a +3 chain mail (worn)
 q - the +0 ring mail of Eternity {rN+}
   (You found it on level 4 of the Dungeon)

   It protects you from negative energy.
 u - a +0 cloak (worn)
 w - a +0 pair of boots (worn)
 A - a +0 scale mail
 K - a +0 pair of gloves (worn)
Jewellery
 f - a ring of poison resistance (left hand)
 r - a ring of protection from fire (right hand)
 v - an amulet of the acrobat (around neck)
Wands
 i - a wand of paralysis (2)
 o - a wand of iceblast (4)
 y - a wand of digging (4)
 B - a wand of disintegration (5)
 F - a wand of flame (8)
 J - a wand of polymorph (11)
 R - a wand of acid (9)
Scrolls
 e - 2 scrolls of immolation {unknown}
 l - 4 scrolls of remove curse
 p - 2 scrolls of fog
 D - a scroll of blinking
 G - 3 scrolls of fear
 I - a scroll of teleportation
 O - 2 scrolls of enchant armour
Potions
 g - 2 potions of might {unknown}
 n - 2 potions of brilliance
 t - 3 potions of curing
 C - a potion of haste
 M - a potion of lignification {unknown}
Comestibles
 c - 12 rations


   Skills:
 + Level 10.3 Fighting
 * Level 10.9 Maces & Flails
 - Level 7.0 Polearms
 + Level 10.0 Armour
 + Level 7.5 Dodging


You had 9 spell levels left.
You didn't know any spells.
Your spell library was empty.

Dungeon Overview and Level Annotations

Branches:
Dungeon (9/15)             Temple (0/1) D:5             Orc (2/2) D:9
    Elf (0/3) Orc:2
   Lair: D:8-11

Altars:
Ashenzari
Cheibriados
Gozag
Makhleb
Okawaru
Qazlal
Ru
Trog
Uskayaw
Yredelemnul
Zin
The Shining One


Innate Abilities, Weirdness & Mutations

You reflexively headbutt those who attack you in melee.
You have a pair of horns on your head.


Message History

A troll comes into view.
Items here: ) [[ †† a +0 glaive; a +0 chain mail; a +0 troll leather armour; an orc corpse a troll corpse A cyclops comes into view.
The cyclops shouts!
You hear a shout! x2
The cyclops throws a large rock.
The large rock misses you.
Things that are here:
a large rock; a +0 giant club Blink to where?
Press: ? - help, Dir - move target cursor You can't see that place. [the floor.]
Okay, then.
The cyclops throws a large rock.
The large rock hits you.
You see here a large rock.
You feel yourself speed up.
The cyclops throws a large rock.
The large rock barely misses you.
The cyclops throws a large rock.
The large rock hits you!!
You die...

.....##.## .....
.........####.....
....o..C).#......$
.....o##.......... #..
...#.###.......... ...## .
..##......##.## ..... ..
#........### #.....
..####.........## ......
.##.###...@T....##......
##.#####.#..((###.....# #
##^....#####....)....# ###
#.......# #....)))...#
..####.......#####.......##
...#..........##.....[(..####
...#...........#.....[......#
......................[.....#
............[.......##.#....###


You could see a cyclops and a troll.

Vanquished Creatures
  A two-headed ogre (D:7)
  Pikel (D:7)
  An orc knight (Orc:1)
  An orc sorcerer (Orc:1)
  Maurice (Orc:1)
  A gargoyle (D:7)
  A troll (Orc:2)
  Menkaure (D:4)
  2 slaves (D:7)
  Duvessa (D:4)
  An ice beast (D:7)
  7 orc warriors
  A sky beast (D:5)
  A necrophage (D:7)
  6 ogres
  2 phantoms
  2 centaurs
  A big kobold (D:9)
  6 bullfrogs
  A water moccasin skeleton (D:7)
  A scorpion (D:7)
  Dowan (D:4)
  6 killer bees
  3 crimson imps
  4 jellies
  3 hounds
  9 orc priests
  Jessica (D:3)
  4 iguanas
  13 orc wizards
  Natasha (thrice) (D:4)
  5 worker ants
  2 hound skeletons
  A howler monkey zombie (D:5)
  11 adders
  14 gnolls
  3 shadow imps
  5 oozes (D:8)
  An adder skeleton (D:6)
  A worm (D:2)
  2 dart slugs
  5 leopard geckos
  63 orcs
  2 ball pythons
  6 giant cockroaches
  5 hobgoblins
  10 jackals
  6 quokkas
  2 bats
  4 frilled lizards
  4 goblins
  A jackal skeleton (D:5)
  12 kobolds
  A quokka skeleton (D:7)
  3 rats
256 creatures vanquished.

Vanquished Creatures (collateral kills)
  A warg (Orc:2)
  2 orc warriors (Orc:2)
  An orc priest (Orc:2)
  An orc wizard (Orc:2)
5 creatures vanquished.

Vanquished Creatures (others)
  An orc (D:8)
1 creature vanquished.

Grand Total: 262 creatures vanquished

Notes
Turn   | Place    | Note
-------+----------+-------------------------------------------
     0 | D:1      | halkony2012 the Minotaur Berserker began the quest for the
                  | Orb.
     0 | D:1      | Reached XP level 1. HP: 19/19 MP: 0/0
   137 | D:1      | You fall into a shaft and drop 1 floor!
   283 | D:2      | Found a stormy altar of Qazlal.
   335 | D:2      | Found a shattered altar of Ashenzari.
   375 | D:2      | Reached XP level 2. HP: 21/27 MP: 1/1
   546 | D:2      | Reached XP level 3. HP: 15/33 MP: 2/2
   974 | D:2      | Found an iron altar of Okawaru.
  1030 | D:2      | Reached ** piety under Trog
  1075 | D:2      | Found a burning altar of Makhleb.
  1076 | D:2      | Found a glowing silver altar of Zin.
  1079 | D:2      | Found an opulent altar of Gozag.
  1080 | D:2      | Found a snail-covered altar of Cheibriados.
  1101 | D:3      | Found a bloodstained altar of Trog.
  1207 | D:3      | Noticed Jessica
  1215 | D:3      | Killed Jessica
  1215 | D:3      | Reached XP level 4. HP: 38/40 MP: 3/3
  1216 | D:3      | Found a sacrificial altar of Ru.
  1979 | D:3      | Reached XP level 5. HP: 36/47 MP: 4/4
  2453 | D:4      | Noticed Natasha
  2466 | D:4      | Killed Natasha
  2601 | D:4      | Reached skill level 5 in Fighting
  2601 | D:4      | Reached skill level 5 in Polearms
  2607 | D:4      | Noticed Natasha
  2613 | D:4      | Killed Natasha
  2613 | D:4      | Reached XP level 6. HP: 55/56 MP: 5/5
  2822 | D:4      | Noticed Natasha
  2832 | D:4      | Killed Natasha
  3094 | D:4      | Noticed Dowan
  3116 | D:4      | Killed Dowan
  3143 | D:4      | Noticed Duvessa
  3159 | D:4      | Killed Duvessa
  3159 | D:4      | Reached skill level 5 in Armour
  3190 | D:4      | Noticed Menkaure
  3210 | D:4      | Killed Menkaure
  3210 | D:4      | Reached *** piety under Trog
  3210 | D:4      | Reached XP level 7. HP: 28/62 MP: 6/6
  3980 | D:4      | Reached skill level 5 in Dodging
  3992 | D:4      | Got a glimmering ring mail
  4003 | D:4      | Identified the cursed +0 ring mail of Eternity {rN+} (You
                  | found it on level 4 of the Dungeon)
  4050 | D:5      | Entered Level 5 of the Dungeon
  4114 | D:5      | Found a staircase to the Ecumenical Temple.
  4329 | D:5      | Found an opulent altar of Gozag.
  4506 | D:5      | Reached XP level 8. HP: 34/71 MP: 7/7
  5350 | D:5      | Reached skill level 1 in Maces & Flails
  5451 | D:6      | Found a hide-covered altar of Uskayaw.
  5569 | D:6      | Reached **** piety under Trog
  5937 | D:7      | Noticed a gargoyle
  5946 | D:7      | Killed a gargoyle
  6110 | D:7      | Reached XP level 9. HP: 73/80 MP: 8/8
  6199 | D:7      | Reached skill level 5 in Maces & Flails
  6635 | D:7      | Noticed Pikel
  6657 | D:7      | Killed Pikel
  7020 | D:8      | Reached ***** piety under Trog
  7310 | D:8      | Found a basalt altar of Yredelemnul.
  7343 | D:8      | Noticed a two-headed ogre
  7461 | D:7      | Killed a two-headed ogre
  7461 | D:7      | Reached XP level 10. HP: 57/91 MP: 9/9
  7973 | D:8      | Received a gift from Trog
  8084 | D:8      | Found a glowing golden altar of the Shining One.
  8192 | D:8      | Noticed an angel
  8263 | D:9      | Found a staircase to the Orcish Mines.
  8777 | Orc:1    | Entered Level 1 of the Orcish Mines
  8796 | Orc:1    | Noticed an orc sorcerer
  8801 | Orc:1    | Noticed an orange demon
  8822 | Orc:1    | Killed an orc sorcerer
  8918 | Orc:2    | Entered Level 2 of the Orcish Mines
  9024 | Orc:2    | Noticed Maurice
  9089 | Orc:2    | Paralysed by Maurice for 4 turns
  9325 | Orc:1    | Killed Maurice
  9329 | Orc:1    | Reached skill level 10 in Maces & Flails
  9732 | Orc:2    | Reached skill level 10 in Fighting
  9735 | Orc:2    | Noticed an orc knight
 10448 | Orc:1    | Killed an orc knight
 10966 | Orc:2    | Found a staircase to the Elven Halls.
 11068 | Orc:2    | Reached skill level 10 in Armour
 11111 | Orc:2    | Noticed a cyclops
 11114 | Orc:2    | Hit by a large rock thrown by a cyclops

Illustrated notes

Levels and vault maps discovered:
D:1:      eino_arrival_tree_alley, layout_loops_ring
D:2:      layout_basic, minitemple, okawaru_metal_pillars_1_2,
          nicolae_overflow_crystal_walls, uniq_crazy_yiuf_cottage
D:3:      layout_loops_corners, nicolae_ru_great_annihilating_truth,
          lemuel_crystal_altar, uniq_jessica
D:4:      layout_gridville, first_ration, st_stairs_6, uniq_menkaure,
          uniq_natasha, uniq_duvessa
D:5:      layout_loops_corners, minmay_temple_entry_gardened_gates,
          nicolae_gozag_cash_rules_everything_around_me
D:6:      layout_rooms, overflow_temple_1_default
D:7:      layout_basic, uniq_pikel
D:8:      layout_cave_pools, grunt_temple_overflow_holy_war,
          hangedman_little_slice_of_home
D:9:      layout_cave_pools, orc_0_dummy
Orc:1:    layout_caves
Orc:2:    st_orc_open, layout_diamond_mine, uniq_maurice

Skill      XL: |  1  2  3  4  5  6  7  8  9 10 |
---------------+-------------------------------+-----
Fighting       | 4 5 6 7 9 10 | 10.3
Polearms       | 4 5 6 7 |  7.0
Armour         | 3 4 5 6 7 9 10 | 10.0
Dodging        | 3 4 5 6 7 |  7.5
Maces & Flails | 4 8 10 | 10.9

Action                   |  1- 3 |  4- 6 |  7- 9 | 10-12 || total
-------------------------+-------+-------+-------+-------++-------
Melee: Spear             |    69 |   135 |   177 |       ||   381
       Headbutt          |     6 |    23 |    76 |    38 ||   143
       Mace              |       |       |   170 |       ||   170
       Flail             |       |       |    54 |    24 ||    78
       Great mace        |       |       |       |    97 ||    97
       Glaive            |       |       |       |    31 ||    31
       Morningstar       |       |       |       |    29 ||    29
Throw: Stone             |     1 |       |       |       ||     1
       Throwing net      |       |       |       |     1 ||     1
Invok: Berserk           |     1 |     3 |     1 |     6 ||    11
       Trog's Hand       |       |       |     1 |     2 ||     3
       Brothers in Arms  |       |       |       |     2 ||     2
Evoke: Wand              |       |       |     9 |     1 ||    10
  Use: Scroll            |       |       |     6 |     5 ||    11
       Potion            |       |       |     3 |     3 ||     6
 Stab: Sleeping          |     1 |       |       |       ||     1
       Paralysed         |       |     1 |       |       ||     1
  Eat: Chunk             |     1 |     9 |    13 |    10 ||    33
       Ration            |       |       |     1 |     2 ||     3
Armor: Animal skin       |     1 |       |       |       ||     1
       Leather armour    |     3 |    12 |     2 |       ||    17
       Scale mail        |       |       |    10 |       ||    10
       Ring mail         |       |       |    93 |    72 ||   165
Dodge: Dodged            |    30 |    45 |   298 |   187 ||   560
